Cogmind - Beta 16.1 @@@ ROGUE MODE // 2026.04.28 @ 00:24:43 Player: DwarfFeats Result: Destroyed by S4-8XO(R) with Subdweller Beam Cannon Performance ------------- Evolutions (0) 0 Regions Visited (3) 600 Robots Destroyed (15) 75 Value Destroyed (333) 333 Prototype IDs (0) 0 Alien Tech Used (0) 0 Bonus (0) 0 TOTAL SCORE: 1008 Bonus ------- None Cogmind --------- Core Integrity 0/250 Matter 486/500 Energy 248/250 System Corruption 0% Temperature Cool (9) Movement Rolling (120) Ox1 Location -10/Subcaves Parts ------- > --- POWER (1) -------- Ion Engine > --- PROPULSION (2) --- Wheel Subdweller Monowheel > --- UTILITY (2) ------ Large Storage Unit High-capacity Matter Pod > --- WEAPON (2) ------- Subdweller Machine Gun Subdweller Machine Gun > --- INVENTORY (15) --- Light Ion Engine Wheel Scrap Suit Scrap Shield Datajack Scrap Shield Fragment (50) Scrap Shield Fragment (45) Scrap Shield Fragment (45) Peak State ------------ > --- POWER ------------ Ion Engine > --- PROPULSION ------- Wheel Subdweller Monowheel > --- UTILITY ---------- Large Storage Unit High-capacity Matter Pod > --- WEAPON ----------- Subdweller Machine Gun Subdweller Machine Gun > --- INVENTORY -------- Light Ion Engine Wheel Scrap Suit Scrap Shield Datajack Scrap Shield Fragment Scrap Shield Fragment Scrap Shield Fragment [Rating: 12] Favorites ----------- Power Ion Engine Engine Ion Engine Propulsion Compact Wheel Treads Light Treads Wheel Compact Wheel Utility Large Storage Unit Storage Large Storage Unit Weapon Light Assault Rifle Ballistic Gun Light Assault Rifle Build | -11 -10 -10 -10 ------- Run | Yrd Mat Min Sub Slots Evolved . | . . . . Power . | . . . . Propulsion . | . . . . Utility . | . . . . Weapon . | . . . . Parts Attached 20 | 6 9 . 5 Power 3 | 1 1 . 1 Engine 3 | 1 1 . 1 Core . | . . . . Reactor . | . . . . Propulsion 8 | 2 4 . 2 Treads 2 | . 2 . . Leg . | . . . . Wheel 6 | 2 2 . 2 Hover . | . . . . Flight . | . . . . Utility 3 | 1 2 . . Device . | . . . . Storage 3 | 1 2 . . Processor . | . . . . Hackware . | . . . . Protection . | . . . . Artifact . | . . . . Weapon 6 | 2 2 . 2 Energy Gun . | . . . . Energy Cannon . | . . . . Ballistic Gun 6 | 2 2 . 2 Ballistic Cannon . | . . . . Launcher . | . . . . Special Weapon . | . . . . Impact Weapon . | . . . . Slashing Weapon . | . . . . Piercing Weapon . | . . . . Special Melee Weapon . | . . . . Unidentified Prototypes . | . . . . Parts Lost 6 | . 4 . 2 Power 1 | . 1 . . Propulsion 4 | . 2 . 2 Utility . | . . . . Weapon 1 | . 1 . . Highest Loss Streak 4 | . 4 . 2 To Critical Strikes . | . . . . Average Backups 7 | 4 7 7 9 Power 1 | 1 1 2 1 Propulsion 3 | 2 3 3 2 Utility . | . . . 1 Weapon 1 | . . 1 1 Tool/Special . | . . . . Unused Backups 13 | . 4 . 9 Power 1 | . . . 1 Propulsion 6 | . 3 . 3 Utility 2 | . . . 2 Weapon 3 | . 1 . 2 Tool/Special 1 | . . . 1 Average Slot Usage (%) 95 | . 94 100 95 Engine 14 | . 14 14 14 Treads 8 | . 10 . . Wheel 19 | . 16 28 25 Storage 24 | . 23 28 28 Ballistic Gun 27 | . 28 28 25 Peak Build Rating 12 | 6 7 8 12 Average Rating 6 | 4 6 7 9 On Entrance 5 | . 6 7 8 Avg Prop Armor Cover (%) 7 | . . . 7 Naked Turns . | . . . . Heaviest Build 33 | 13 32 31 33 Greatest Support 40 | 32 40 26 26 Greatest Overweight (x) 3 | . 1 1 3 Average Overweight (x) . | . . 1 1 Largest Inventory Capacity 15 | 8 15 15 15 Average Capacity 12 | 7 12 15 15 Most Carried 15 | 6 9 10 15 Average Carried 7 | 4 7 7 12 Final Capacity 15 | 8 15 15 15 Final Carried 10 | 6 6 10 10 Class Distribution -------------------- 100% | Mutant Dominant Class ---------------- Mutant | -10/Materials Mutant | -10/Mines Mutant | -10/Subcaves Resources | -11 -10 -10 -10 ----------- Run | Yrd Mat Min Sub Matter Collected 510 | 195 264 12 39 Remotely . | . . . . Salvage Created 389 | . 343 46 . Parts 36 | . 31 5 . Haulers Intercepted . | . . . . Recyclers Shooed . | . . . . Parts Field Recycled . | . . . . Retrieved Matter . | . . . . Parts Self-Destructed 11 | . . . 11 Prevented . | . . . . Parts Restored . | . . . . Kills | -11 -10 -10 -10 ------- Run | Yrd Mat Min Sub Combat Hostiles Destroyed 14 | . 11 3 . Guns 14 | . 11 3 . Classes Destroyed 3 | . 3 . . Watcher 1 | . 1 . . Swarmer 8 | . 5 3 . Grunt 6 | . 6 . . Best Kill Streak 4 | . 4 3 . Combat Bots Only 3 | . 3 3 . Max Kills in Single Turn 2 | . 2 2 . Gunslinging 1 | . . 1 . Exploded . | . . . . Melee . | . . . . Uniques/NPCs Destroyed . | . . . . Combat | -11 -10 -10 -10 -------- Run | Yrd Mat Min Sub Hostile Shots Fired 113 | . 79 16 18 Missed 33 | . 25 1 7 Hits 80 | . 54 15 11 Projectile 80 | . 54 15 11 Damage Taken 977 | . 618 124 235 Core 262 | . 164 17 81 Absorbed by Shields . | . . . . Core Remaining (%) 100 | 100 . . . Volleys Fired 52 | . 43 6 3 Largest 2 | . 2 2 2 Hottest 60 | . 40 40 60 Shots Fired 102 | . 84 12 6 Gun 102 | . 84 12 6 Cannon . | . . . . Launcher . | . . . . Special . | . . . . Kinetic 102 | . 84 12 6 Thermal . | . . . . Explosive . | . . . . Electromagnetic . | . . . . Robot Hit Streak 10 | . 10 4 5 Robot Miss Streak 5 | . 5 2 1 Penetration Max . | . . . . Secondary Targets 3 | . 1 2 . Max Gunslinging Chain 1 | . 1 1 . Shots Hit Robots 57 | . 45 7 5 Core Hits 29 | . 23 5 1 Critical Kills . | . . . . Critical Parts Destroyed . | . . . . Critical Strikes . | . . . . Melee Attacks . | . . . . Impact . | . . . . Slashing . | . . . . Piercing . | . . . . Sneak Attacks . | . . . . Combat Hostiles . | . . . . Follow-up Attacks . | . . . . Damage Inflicted 759 | . 620 71 68 Guns 653 | . 514 71 68 Cannons . | . . . . Explosions 93 | . 93 . . Melee . | . . . . Ramming 13 | . 13 . . Kinetic 653 | . 514 71 68 Thermal . | . . . . Explosive . | . . . . Electromagnetic 93 | . 93 . . Impact . | . . . . Slashing . | . . . . Piercing . | . . . . Highest Corruption . | . . . . Average Corruption . | . . . . Corruption Purged . | . . . . Corruption Blocked . | . . . . Overload Shots . | . . . . Overflow Damage . | . . . . Projectiles . | . . . . Explosions . | . . . . Melee . | . . . . Knockbacks . | . . . . Impact . | . . . . Kinetic . | . . . . Secondary . | . . . . Self-Inflicted Damage 47 | . 47 . . Shots 1 | . 1 . . Rammed 2 | . 2 . . Targets Rammed 2 | . 2 . . Kicked . | . . . . Crushed . | . . . . Highest Temperature 30 | . 30 . . Average Temperature 10 | . 10 . . Received Heat Transfer 249 | . 216 . 33 Siege Activations . | . . . . Martial Activations . | . . . . Shielding Activations . | . . . . Robots Disrupted . | . . . . Combat Hostiles . | . . . . Robots Corrupted . | . . . . Combat Hostiles . | . . . . Parts Fried . | . . . . Impact Corruptions . | . . . . Robots Melted . | . . . . Combat Hostiles . | . . . . Parts Melted . | . . . . Heat Transferred . | . . . . Parts Sabotaged . | . . . . Parts Stolen . | . . . . Parts Stripped . | . . . . Power Chain Reactions . | . . . . Alert | -11 -10 -10 -10 ------- Run | Yrd Mat Min Sub Maximum Alert Level . | . . . . Low Security (%) 100 | 100 100 100 . Level 1 . | . . . . Level 2 . | . . . . Level 3 . | . . . . Level 4 . | . . . . Level 5 . | . . . . High Security . | . . . . Max Security . | . . . . Peak Influence 98 | . 98 97 . Initial 27 | . . 27 . Average 38 | . 37 69 . Influence Increases 378 | . 308 70 . Destroy 0b10 Robot/C 280 | . 220 60 . Destroy 0b10 Robot/NC 5 | . 5 . . Destroy Leader 62 | . 52 10 . Disable Machine 30 | . 30 . . Destroy Structure 1 | . 1 . . Influence Decreases 378 | . 238 93 47 Entered New Map 68 | . . 43 25 Time Decay 270 | . 198 50 22 Lost Part 40 | . 40 . . Squads Dispatched 2 | . 2 . . Investigation 2 | . 2 . . Extermination . | . . . . Reinforcement . | . . . . Assault . | . . . . Garrison . | . . . . Intercept . | . . . . Searches Triggered . | . . . . Construction Impeded . | . . . . Haulers Reinforced . | . . . . Active Scanning Responses . | . . . . Cargo Convoy Interrupts . | . . . . Stealth | -11 -10 -10 -10 --------- Run | Yrd Mat Min Sub Distress Signals 1 | . 1 . . Communications Jammed . | . . . . Distress Signals . | . . . . Times Spotted 31 | . 17 2 12 Peak Tracking Total 6 | . 4 2 6 Tactical Retreats . | . . . . Traps | -11 -10 -10 -10 ------- Run | Yrd Mat Min Sub Traps Triggered 1 | . 1 . . Indirectly . | . . . . Trap Hack Attempts . | . . . . Triggered . | . . . . Disarmed . | . . . . Reprogrammed . | . . . . Reused . | . . . . Traps Extracted . | . . . . Installed . | . . . . Triggered . | . . . . Machines | -11 -10 -10 -10 ---------- Run | Yrd Mat Min Sub Machines Disabled 2 | . 2 . . Max in Single Turn 2 | . 2 . . Machines Repaired . | . . . . Machines Dismantled . | . . . . Machines Sabotaged . | . . . . Overloaded Fab Kills . | . . . . Hacking | -11 -10 -10 -10 --------- Run | Yrd Mat Min Sub Machines Accessed 2 | . 2 . . Terminals . | . . . . Fabricators . | . . . . Repair Stations . | . . . . Recycling Units 2 | . 2 . . Scanalyzers . | . . . . Garrison Access . | . . . . Total Hacks 5 | . 5 . . Successful 5 | . 5 . . Failed . | . . . . Catastrophic . | . . . . Database Lockouts . | . . . . Manual . | . . . . Terminals . | . . . . Fabricators . | . . . . Repair Stations . | . . . . Recycling Units 5 | . 5 . . Scanalyzers . | . . . . Garrison Access . | . . . . Terminal Hacks . | . . . . Fabricator Hacks . | . . . . Repair Station Hacks . | . . . . Recycling Unit Hacks 5 | . 5 . . Process 1 | . 1 . . Report Inventory 2 | . 2 . . Retrieve Matter 2 | . 2 . . Scanalyzer . | . . . . Garrison Access Hacks . | . . . . Unauthorized Hacks . | . . . . Terminals . | . . . . Fabricators . | . . . . Repair Stations . | . . . . Recycling Units . | . . . . Scanalyzers . | . . . . Garrison Access . | . . . . Data Cores Recovered . | . . . . Used . | . . . . Hacking Detections 1 | . 1 . . Full Trace Events 1 | . 1 . . Feedback Events . | . . . . Feedback Blocked . | . . . . Robot Schematics Acquired . | . . . . Robots Built . | . . . . Authchips . | . . . . Time . | . . . . Total Robot Build Rating . | . . . . Part Schematics Acquired . | . . . . Parts Built . | . . . . Authchips . | . . . . Time . | . . . . Total Part Build Rating . | . . . . Part Studies Acquired . | . . . . Parts Repaired . | . . . . Time . | . . . . Parts Recycled . | . . . . Recycled Matter 193 | . 193 . . Retrieved Matter 208 | . 208 . . Retrieved Components . | . . . . Parts Scanalyzed . | . . . . Part Schematics Acquired . | . . . . Parts Damaged . | . . . . Bothacking | -11 -10 -10 -10 ------------ Run | Yrd Mat Min Sub Used RIF Installer . | . . . . Robots Hacked . | . . . . Non-combat . | . . . . Combat . | . . . . Robot Hacks Applied . | . . . . Relay Couplers Released . | . . . . Fabnet Peak Effective % . | . . . . Robots Rewired . | . . . . Allies Hacked . | . . . . Hacks Repelled . | . . . . Allies | -11 -10 -10 -10 -------- Run | Yrd Mat Min Sub Total Allies . | . . . . Largest Group . | . . . . Highest-Rated Group . | . . . . Highest-Rated Ally . | . . . . Total Orders . | . . . . Ally Attacks . | . . . . Total Damage . | . . . . Kills . | . . . . Allies Corrupted . | . . . . Allies Melted . | . . . . Intel | -11 -10 -10 -10 ------- Run | Yrd Mat Min Sub Active Infowar (turns) . | . . . . Robot Analysis Total . | . . . . Derelict Logs Recovered 1 | . . . 1 Drone Launches . | . . . . Drone Recoveries . | . . . . Exploration | -11 -10 -10 -10 ------------- Run | Yrd Mat Min Sub Turns Passed 1000 | 62 714 102 122 Spaces Moved 662 | 49 457 80 76 Core 9 | 9 . . . Treads 137 | . 137 . . Legs . | . . . . Wheels 516 | 40 320 80 76 Hover . | . . . . Flight . | . . . . Fastest Speed 50 | 50 100 105 105 Average Speed 113 | 90 118 105 109 Slowest Speed 160 | 100 160 105 125 Overloaded Moves . | . . . . Propulsion Burnouts . | . . . . Robots Hopped . | . . . . Potential Cave-ins . | . . . . Cave-ins Triggered . | . . . . Exploration Rate (%) 27 | 4 76 22 9 Regions Visited 3 Branch Regions 2 Pre-discovered Areas . | . . . . Known Exits Taken . | . . . . Unknown Exits Taken 3 | 1 1 1 . Scrap Searched 1 | . . 1 . Spaces Dug . | . . . . Terrain Destroyed . | . . . . Melee . | . . . . Projectile . | . . . . AOE . | . . . . Terrain Rammed . | . . . . Walls Destroyed . | . . . . Machines Disabled . | . . . . Actions | -11 -10 -10 -10 --------- Run | Yrd Mat Min Sub Total 827 | 66 559 88 114 Wait 41 | . 26 . 15 Move 659 | 48 456 79 76 Hop . | . . . . Pick Up 37 | 12 14 3 8 Fast Attach . | . . . . Attach 17 | 6 7 . 4 Detach . | . . . . Swap 3 | . 2 . 1 Drop 16 | . 9 . 7 Fire 52 | . 43 6 3 Melee . | . . . . Ram 1 | . 1 . . Kick . | . . . . Crush 1 | . 1 . . Escape Stasis . | . . . . Rewire . | . . . . Trap . | . . . . Miscellaneous . | . . . . Route ------- -11/Scrapyard -10/Materials (discovered 3 exits: [*Mat x2] / [*Min]) -10/Mines -10/Subcaves History --------- Turn | Location | Event 19 | -11/Scrapyard | Discovered new exit (range 16) 63 | -11/Scrapyard | Entered Materials 216 | -10/Materials | Discovered new exit (range 14) 326 | -10/Materials | Build established: Mutant 435 | -10/Materials | Core integrity fell below 50% 481 | -10/Materials | Lost 4 parts (1p2n1w) 700 | -10/Materials | Discovered new exit (range 7) 764 | -10/Materials | Discovered new exit (range 13) 777 | -10/Materials | Entered Mines 779 | -10/Mines | Met a Derelict bent on vengeance 847 | -10/Mines | Found a Scrap Suit stashed away for nefarious purposes 849 | -10/Mines | Found Scrap Suit 874 | -10/Mines | Discovered new exit (range 6) 879 | -10/Mines | Entered Subcaves 880 | -10/Subcaves | Approached by a straggling Scientist 882 | -10/Subcaves | Learned Materials terminal intel 978 | -10/Subcaves | Ambushed by swarm of Subdwellers 997 | -10/Subcaves | Core integrity fell below 20% 1001 | -10/Subcaves | Destroyed by S4-8XO(R) with Subdweller Beam Cannon Last Messages --------------- fellow?" 00985_ Acquired 4 matter. 00986_ DN-T2U(g) destroyed. 00987_ 83-UXT(R) emerges from the Twisted Machinery. 00987_ 5I-J6H(R) suffers critical hit (Destroy). 00987_ 5I-J6H(R) destroyed. 00988_ 19-RD4(R) suffers critical hit (Burn). 00990_ 0R-IKM(h) destroyed. 00992_ AX-UDK(g) destroyed. 00994_ Subatomizers dissect the Sub. Power Source. 00994_ Dropped Mining Laser. 00994_ Dropped Lgt. Assault Rifle. 00995_ Dropped Aluminum Leg. 00995_ 19-RD4(R) suffers critical hit (Burn). 00995_ Dropped Aluminum Leg. 00996_ Acquired 2 matter. 00999_ 19-RD4(R) destroyed. 00999_ NB-RK4(g) destroyed. Map ----- +----------------------------------------------------+ | ?????????????## ## #????????????????????????? | | ??????????????## ###???????????????????????????? | | ??????????????## #?????????????????????????????? | | ?????????????## ##????????????????????????????? | | ???????????### #????????????????????????????? | | ???????????# ##??# ## ?????????????????? | | ???????????# ## ???????????????? | | ??????????## ???????????????? | | ??????????# # # #???????????????????? | | ??????????# ### #???????????????????????? | | ?????????## ##??# ?????????????????????? | | ?????????# ####? #???????????????????? | | ????????## #?? ##???????????????????? | | ????????# ##??# #????????????????????? | | ????????# ##????# #????????????????????? | | ????????# ## ####????# #????????????????????? | | ????????# ### % # ##### ##????????????????????? | | ???????# ## %%% #????????????????????? | | ??????# # % ##????????????????????? | | ??????# ### R #????????????????????? | | ??????###??## ;; ##????????????????????? | | ????????????## #; ##????????????????????? | | ?????????????# ### #????????????????????? | | ???????????? ##?# ###????????????????????? | | ??????????? #??#### #?????????????????????? | | ?????????? ??#??#c @#######????????????????? | | ???????? #" # #=##%% #[# ##???????????????? | | ????????## """ *!=**!%[="" ##??????????????? | | ?????????## =%R%R*] [|&""" #??????????????? | | ??????????# #" %!|#=!"#=#! "" ### #?????????? | | ??????????## ######R%!=### " " ????????? | | ???????????? ?????# "#?#""""""""" ??????? | | ??????????????#?????# " ""????????????? | | ????????????????????## " ""????????????? | | ????????????????????? #### ""????????????? | | ????????????????????## " ###???#" ????????????? | | ?????????????????????##"""##???????##????????????? | | ??????????????????????#####??????????????????????? | | ?????????????????????????????????????????????????? | | ?????????????????????????????????????????????????? | | ?????????????????????????????????????????????????? | | ?????????????????????????????????????????????????? | | ?????????????????????????????????????????????????? | | ?????????????????????????????????????????????????? | | ?????????????????????????????????????????????????? | | ?????????????????????????????????????????????????? | | ?????????????????????????????????????????????????? | | ?????????????????????????????????????????????????? | | ?????????????????????????????????????????????????? | | ?????????????????????????????????????????????????? | +----------------------------------------------------+ Best States ------------- Heat Dissipation 25 Energy Generation 10 Energy Capacity 250 Matter Stores 500 Matter Capacity 500 Sight Range 16 Terrain Scan Density 10 Evasion (%) 50 Recoil Reduction 2 Item Schematics ----------------- None Robot Schematics ------------------ None Fabricated ------------ Nothing Repaired ---------- Nothing Studied --------- None Alien Tech Used ----------------- None Achievements -------------- None Challenges ------------ None Game ------ Seed TacticalBlanketCasing Manual? 0 Play Time 00:21:38 Cumulative 11.8 hours Start 2026.04.27 @ 23:52:22 End 2026.04.28 @ 00:24:43 Sessions 2 Manual Loads 0 Difficulty Rogue Special Mode None Game No. 14 Rogue 14 Adventurer 0 Explorer 0 Win Type - Total 0 Types 0/0/0/0/0/0/0/0/0/0 Lore% 4 Gallery% 13 Achievement% 11 Wizard Run 0 Options --------- Layout 1 ASCII 0 Keyboard 0 Movement Numpad Keybinds 0 Fullscreen 1 Font 24/Smallcaps Map View 50x35 Zoom Use 0% Tactical HUD 1 Map Filters NONE Filters NONE Steam 1 RUN: 09658e3a-6012-47d0-9135-c1fe29bfccd4